 Dungeon Crawl Stone Soup version 0.31-a0-925-g0a390f2509 (webtiles) character file.

Game seed: 11227590796702739194

18 omnomnOMINOUS the Trooper (level 2, -2/22 HPs)
             Began as an Octopode Wanderer on Oct 18, 2023.
             Slain by a kobold
             ... wielding a +0 short sword
              (5 damage)
             ... on level 1 of the Dungeon.
             The game lasted 00:01:09 (253 turns).

omnomnOMINOUS the Trooper (Octopode Wanderer)        Turns: 253, Time: 00:01:09

Health: -2/22      AC:  1    Str: 10    XL:     2   Next: 66%
Magic:  3/3        EV: 13    Int: 14    God:
Gold:   18         SH:  0    Dex: 12    Spells: 2/3 levels left

rFire   . .          .
                       - Unarmed
rCold   . . .        (no shield)
rNeg    . . .        (helmet restricted)
rPois   .            (no amulet)
rElec   .            (no ring)
rCorr   .            (no ring)
SInv    .            (no ring)
Will    .....        (no ring)
Stlth   ++           (no ring)
HPRegen 0.23/turn    (no ring)
MPRegen 0.08/turn    (no ring)
                     (no ring)

%: no passive effects
@: invisible
A: almost no armour, amphibious, 8 rings, camouflage 1, gelatinous body 1,
(nimble swimmer 1), tentacles
a: no special abilities


You were on level 1 of the Dungeon.
You visited 1 branch of the dungeon, and saw 1 of its levels.

You collected 18 gold pieces.

Inventory:

Hand Weapons
 a - a +0 dagger
Scrolls
 d - 2 scrolls of fear {unknown}
Potions
 c - 2 potions of attraction


   Skills:
 - Level 4.0 Fighting
 + Level 1.4 Dodging
 + Level 2.6 Unarmed Combat
 - Level 1.0 Spellcasting
 - Level 3.6 Poison Magic


You had 2 spell levels left.
You knew the following spells:

 Your Spells              Type           Power      Damage    Failure   Level
a - Sting                 Tmut/Pois      20%        1d4       13%         1

Your spell library contained the following spells:

 Spells                   Type           Power      Damage    Failure   Level
 Poisonous Vapours        Pois/Air       10%        N/A       19%         2
 Ignite Poison            Fire/Tmut/Pois 4%         N/A       43%         3


Dungeon Overview and Level Annotations

Branches:
Dungeon (1/15)

Altars:


Innate Abilities, Weirdness & Mutations

You cannot wear most types of armour.
You are amphibious.
You can wear up to eight rings at the same time.
Your skin changes colour to match your surroundings (Stealth+).
Your rubbery body absorbs attacks. (AC +1, EV +1)
((You are camouflaged when in or above water. (Stealth+)))
You have tentacles for arms and can constrict up to eight enemies at once.


Message History

The jackal barely misses you.
You are too injured to fight recklessly!
You are too injured to fight recklessly!
You are too injured to fight recklessly!
You are too injured to fight recklessly!
You are too injured to fight recklessly!
You are too injured to fight recklessly!
You are too injured to fight recklessly!
You are too injured to fight recklessly!
You are too injured to fight recklessly!
You are too injured to fight recklessly!
You are too injured to fight recklessly!
You are too injured to fight recklessly!
You are too injured to fight recklessly!
You are too injured to fight recklessly!
You are too injured to fight recklessly!
You are too injured to fight recklessly!
You are too injured to fight recklessly!
Unknown command.
You release your grip on the kobold.
The jackal attacks as it pursues you! The jackal closely misses you.
The jackal bites you.
* * * LOW HITPOINT WARNING * * *
The jackal attacks as it pursues you! The jackal closely misses you.
You tentacle-slap the jackal but do no damage.
Your grab misses the jackal. Your squeeze misses the jackal.
The jackal closely misses you. The jackal bites you.
* * * LOW HITPOINT WARNING * * *
You tentacle-slap the jackal. You grab the jackal.
You tentacle-slap the jackal.
You kill the jackal!
The bat closely misses you. The bat hits you but does no damage.
You tentacle-slap the bat. You grab the bat.
The bat is moderately wounded.
You constrict the bat. The bat misses you.
You tentacle-slap the bat.
You kill the bat!
You fade into invisibility!
The kobold hits you with a +0 short sword.
You die...

# #.. #. ...# .
#.. ..##..
#.!#######....
#....#.....#
...#h.b..##.#
#.#†.g.....#
#####.gh########.
#......hK@.......
#.####.########...
#.# #... .... #.#
##### #..#
.######.#########
#..#
................#
#..# #######
##.############.#
#..# #.....† #.#
#..###.##### #.#
#......#


You could see 2 jackals, a hobgoblin (unable to see you) and a kobold (unable to
see you).

Vanquished Creatures
  3 bats (D:1)
  2 jackals (D:1)
  5 quokkas (D:1)
  4 ball pythons (D:1)
  2 rats (D:1)
16 creatures vanquished.

Notes
Turn   | Place    | Note
-------+----------+-------------------------------------------
     0 | D:1      | omnomnOMINOUS the Octopode Wanderer began the quest for the
                  | Orb.
     0 | D:1      | omnomnOMINOUS set off with the following items: a +0
                  | dagger, a potion of invisibility, 2 potions of attraction;
                  | and the following spell memorised: Sting; and the following
                  | spells available to memorise: Poisonous Vapours, Ignite
                  | Poison.
     0 | D:1      | Reached XP level 1. HP: 17/17 MP: 2/2
   107 | D:1      | Reached skill level 1 in Dodging
   107 | D:1      | Reached XP level 2. HP: 22/22 MP: 3/3
   253 | D:1      | Slain by a kobold

Illustrated notes

Levels and vault maps discovered:
D:1:      psy_arrival_spokes, layout_loops_ring

Skill      XL: |  1 |
---------------+----+-----
Dodging        | 1 |  1.4
Fighting       | |  4.0
Unarmed Combat | |  2.6
Spellcasting   | |  1.0
Poison Magic   | |  3.6

Action                     || total
---------------------------++-------
  Melee: Unarmed           ||    36
         Constrict         ||    11
         Tentacles         ||     6
         Punch             ||     1
    Use: Potion            ||     1
   Stab: Sleeping          ||     5
 Armour: Skin              ||    26
  Dodge: Dodged            ||    27

Table legend: (Time is in decaauts)
 A = Elapsed time spent in this place.
 B = Non-inter-level travel time spent in this place.
 C = Inter-level travel time spent in this place.
 D = Time resting spent in this place.
 E = Time spent auto-exploring this place.
 F = Levels seen in this place.
 G = Mean time per level.
                   A        B        C        D        E       F      G
               +--------+--------+--------+--------+--------+-----+--------+
         Total |    251 |    251 |      0 |      0 |    171 |   1 |  251.0 |
       Dungeon |    251 |    251 |      0 |      0 |    171 |   1 |  251.0 |
               +--------+--------+--------+--------+--------+-----+--------+

Top non-repeatable levels by time:
     D:1: 251 daAuts
